 Dungeon Crawl Stone Soup version 0.30-a0-1155-gf8af5b4991 (webtiles) character file.

Game seed: 13462408786589529145

1393249 MacCMillion the Slayer (level 25, 227/227 HPs)
             Began as a Demigod Hunter on Apr 24, 2023.
             Escaped with the Orb
             ... and 3 runes!
             The game lasted 03:43:57 (108452 turns).

MacCMillion the Slayer (Demigod Hunter)           Turns: 108452, Time: 03:43:58

Health: 227/227    AC: 30    Str: 18    XL:     25   Next: 54%
Magic:  23/23      EV: 57    Int: 18    God:
Gold:   4298       SH:  5    Dex: 53    Spells: 19/30 levels left

rFire   + . .        M - +9 longbow (freeze)
rCold   + + .        (shield currently unavailable)
rNeg    . . .        v - +7 swamp dragon scales
rPois   +            w - +2 helmet {Int+3}
rElec   .            D - +2 cloak
rCorr   +            V - +1 pair of gloves of Ixkiciod {Will+ Dex+2}
SInv    +            N - +2 pair of boots {Stlth+}
Will    +++..        K - amulet of Laeschoso {Reflect rPois rC++ rCorr MP-9 SH+5}
Stlth   ++           P - +6 ring of dexterity
HPRegen 0.57/turn    T - ring of Tygipnofre {rPois rF+ Str+6 SInv}
MPRegen 0.18/turn

%: reflection
@: studying Axes
A: high MP 1, forlorn, divine attributes, frail 1, no potion heal 1
0: Orb of Zot
}: 3/15 runes: serpentine, barnacled, slimy
a: no special abilities


You escaped.
You visited 11 branches of the dungeon, and saw 54 of its levels.
You also visited: Ice Cave.

You collected 8347 gold pieces.
You spent 4049 gold pieces at shops.

Inventory:

Hand Weapons
 M - a +9 longbow of freezing (weapon)
 Z - a +4 antimagic longbow
Armour
 v - +7 swamp dragon scales (worn)
 w - a +2 helmet of intelligence (worn)
 D - a +2 cloak (worn)
 E - a +2 hat of see invisible
 N - a +2 pair of boots of stealth (worn)
 V - the +1 pair of gloves of Ixkiciod (worn) {Will+ Dex+2}
   (You found it on level 4 of the Shoals)

   Dex:       It affects your dexterity (+2).
   Will:      It increases your willpower.
Jewellery
 c - the ring of Itiek {rN+ Int+2}
   (You found it in an ice cave)

   [ring of positive energy]

   Int:       It affects your intelligence (+2).
   rN:        It protects you from negative energy.
 d - a ring of willpower
 l - the ring of the Tuna {rC+ Str+3 Int+2}
   (You found it on level 5 of the Pits of Slime)

   [ring of protection from cold]

   Str:       It affects your strength (+3).
   Int:       It affects your intelligence (+2).
   rC:        It protects you from cold.
 I - a +4 ring of protection
 K - the amulet of Laeschoso (around neck) {Reflect rPois rC++ rCorr MP-9 SH+5}
   (You bought it in a shop on level 2 of the Shoals)

   [amulet of reflection]

   It reflects blocked missile attacks.
   rC:        It greatly protects you from cold.
   rPois:     It protects you from poison.
   MP:        It affects your magic capacity (-9).
   rCorr:     It protects you from acid and corrosion.
   SH:        It affects your SH (+5).
 P - a +6 ring of dexterity (left hand)
 Q - the ring of Wuynu {Drain rN+ Int+3 Dex+4}
   (You found it on level 5 of the Pits of Slime)

   [ring of positive energy]

   Int:       It affects your intelligence (+3).
   Dex:       It affects your dexterity (+4).
   rN:        It protects you from negative energy.
   Drain:     It drains your maximum health when unequipped.
 R - a ring of fire
 T - the ring of Tygipnofre (right hand) {rPois rF+ Str+6 SInv}
   (You bought it in a shop on level 1 of the Snake Pit)

   [ring of strength]

   Str:       It affects your strength (+6).
   rF:        It protects you from fire.
   rPois:     It protects you from poison.
   SInv:      It lets you see invisible.
 W - a ring of flight
Wands
 x - a wand of flame (113)
 y - a wand of mindburst (23)
 J - a wand of acid (42)
 O - a wand of iceblast (38)
 X - a wand of digging (26)
Scrolls
 b - 17 scrolls of immolation
 e - 8 scrolls of brand weapon
 h - 17 scrolls of teleportation
 j - 12 scrolls of vulnerability
 m - 7 scrolls of fog
 q - 6 scrolls of fear
 s - 3 scrolls of summoning
 t - 7 scrolls of enchant armour
 u - 7 scrolls of magic mapping
 z - 3 scrolls of silence
 H - 6 scrolls of poison
 S - 2 scrolls of torment
 Y - 6 scrolls of blinking
Potions
 a - 10 potions of brilliance
 f - 28 potions of curing
 g - 8 potions of heal wounds
 i - 3 potions of mutation
 k - 11 potions of lignification
 n - 3 potions of haste
 p - 13 potions of flight
 r - 16 potions of might
 A - 5 potions of berserk rage
 B - 5 potions of ambrosia
 C - a potion of resistance
 G - 8 potions of attraction
 L - 6 potions of cancellation
 U - 8 potions of invisibility
Miscellaneous
 o - a box of beasts
 F - a phial of floods


   Skills:
 - Level 26.0 Fighting
 + Level 23.2 Ranged Weapons
 - Level 11.0 Armour
 - Level 24.8 Dodging
 - Level 4.0 Stealth
 - Level 3.0 Spellcasting
 - Level 6.0 Hexes
 - Level 17.0 Translocations
 - Level 3.0 Evocations


You had 19 spell levels left.
You knew the following spells:

 Your Spells              Type           Power      Damage    Failure   Level
a - Blink                 Tloc           100%       N/A       1%          2
b - Portal Projectile     Hex/Tloc       88%        N/A       1%          3
c - Dispersal             Tloc           29%        N/A       3%          6

Your spell library contained the following spells:

 Spells                   Type           Power      Damage    Failure   Level
 Lesser Beckoning         Tloc           100%       N/A       1%          2
 Gell's Gravitas          Tloc           59%        N/A       1%          3
 Teleport Other           Tloc           59%        N/A       1%          3
 Manifold Assault         Tloc           59%        N/A       1%          4
 Volatile Blastmotes      Fire/Tloc      66%        2d15      2%          3
 Tukima's Dance           Hex            24%        N/A       6%          3
 Iskenderun's Mystic Bla  Conj/Tloc      33%        2d8       8%          4
 Ensorcelled Hibernation  Hex/Ice        26%        N/A       11%         2
 Dazzling Flash           Conj/Hex       26%        N/A       22%         3
 Inner Flame              Hex/Fire       13%        N/A       22%         3
 Summon Guardian Golem    Hex/Summ       13%        N/A       22%         3
 Cause Fear               Hex            12%        N/A       22%         4
 Summon Forest            Summ/Tloc      16%        N/A       22%         5
 Magic Dart               Conj           8%         1d3       26%         1
 Sandblast                Erth           4%         2d4       26%         1
 Shock                    Conj/Air       8%         1d3       26%         1
 Summon Small Mammal      Summ           8%         N/A       26%         1
 Call Imp                 Summ           4%         N/A       36%         2
 Cigotuvi's Dreadful Rot  Necr/Pois/Air  4%         N/A       36%         2
 Passwall                 Tmut/Erth      1%         N/A       36%         2
 Scorch                   Fire           4%         2d5       36%         2
 Static Discharge         Conj/Air       4%         2-3/arc   36%         2
 Sublimation of Blood     Necr           2%         N/A       36%         2
 Call Canine Familiar     Summ           2%         N/A       58%         3
 Frozen Ramparts          Ice            4%         1d1       58%         3
 Hailstorm                Conj/Ice       2%         3d3       58%         3
 Ignite Poison            Fire/Tmut/Pois 2%         N/A       58%         3
 Mephitic Cloud           Conj/Pois/Air  2%         N/A       58%         3
 Ozocubu's Armour         Ice            2%         N/A       58%         3
 Stone Arrow              Conj/Erth      4%         3d7       58%         3
 Swiftness                Air            2%         N/A       58%         3
 Anguish                  Hex/Necr       6%         N/A       58%         4
 Summon Mana Viper        Hex/Summ       13%        N/A       90%         5
 Airstrike                Air            1%         2d(1-17)  94%         4
 Animate Armour           Summ/Erth      4%         N/A       94%         4
 Dispel Undead            Necr           2%         3d7       94%         4
 Flame Wave               Conj/Fire      2%         2d4       94%         4
 Ice Form                 Ice/Tmut       2%         N/A       94%         4
 Petrify                  Tmut/Erth      2%         N/A       94%         4
 Sticky Flame             Conj/Fire      2%         2d3       94%         4
 Summon Ice Beast         Ice/Summ       2%         N/A       94%         4
 Summon Lightning Spire   Summ/Air       2%         N/A       94%         4
 Alistair's Intoxication  Tmut/Pois      1%         N/A       100%        5
 Blade Hands              Tmut           1%         N/A       100%        5
 Borgnjor's Vile Clutch   Necr/Erth      1%         N/A       100%        5
 Freezing Cloud           Conj/Ice/Air   1%         6-21      100%        5
 Irradiate                Conj/Tmut      1%         3d12      100%        5
 Iskenderun's Battlesphe  Conj           2%         2d6       100%        5
 Death Channel            Necr           1%         N/A       100%        6
 Eringya's Noxious Bog    Tmut/Pois      1%         N/A       100%        6
 Iron Shot                Conj/Erth      1%         9d1       100%        6
 Plasma Beam              Fire/Air       1%         2x1d12    100%        6
 Simulacrum               Ice/Necr       1%         N/A       100%        6
 Starburst                Conj/Fire      1%         6d3       100%        6
 Summon Cactus Giant      Summ           1%         N/A       100%        6
 Dragon Form              Tmut           1%         N/A       100%        7
 Enfeeble                 Hex            12%        N/A       100%        7
 Ozocubu's Refrigeration  Ice            1%         4d7       100%        7
 Spellforged Servitor     Conj/Summ      1%         N/A       100%        7
 Storm Form               Tmut/Air       1%         N/A       100%        7
 Summon Hydra             Summ           1%         N/A       100%        7
 Borgnjor's Revivificati  Necr           1%         N/A       100%        8
 Ignition                 Fire           1%         3d3       100%        8
 Lehudib's Crystal Spear  Conj/Erth      1%         10d2      100%        8
 Necromutation            Tmut/Necr      1%         N/A       100%        8
 Death's Door             Necr           1%         N/A       100%        9
 Dragon's Call            Summ           1%         N/A       100%        9
 Polar Vortex             Ice            1%         N/A       100%        9


Dungeon Overview and Level Annotations

Branches:
Dungeon (15/15)            Temple (0/1) D:7            Lair (5/5) D:8
 Shoals (4/4) Lair:3        Snake (4/4) Lair:2        Slime (5/5) Lair:5
    Orc (2/2) D:11            Elf (3/3) Orc:2        Vaults (4/5) D:13
  Crypt (3/3) Vaults:2       Tomb (0/3) Crypt:3      Depths (4/4) D:15
    Zot (5/5) Depths:4      IceCv (visited)

Shops:
D:1 ?   D:6 (   D:13 (   D:14 *   Orc:1 !(?   Orc:2 ((((   Elf:1 *   Elf:2 !
Elf:3 (   Shoals:2 *=   Snake:1 =:=   Snake:4 *   Vaults:3 =   Vaults:4 (
Depths:2 ?

Portals:
Hell: Depths:1 Depths:2 Depths:3 Depths:4
Abyss: Depths:1 Depths:3
Pandemonium: Depths:1 Depths:2 Depths:4
Ziggurat: Depths:4
Trove: D:15 (give 6 scrolls of blinking)

Annotations:
Elf:2 3 runed translucent doors
Elf:3 exclusion: deep elf annihilator
Depths:1 2 transporters, Jounuxep's ghost, adept KoGl
Depths:2 2 runed translucent doors
Zot:1 exclusion: orb of fire
Zot:2 2 transporters
Zot:3 exclusion: orb of fire
Zot:5 exclusion: orange crystal statue


Innate Abilities, Weirdness & Mutations

You have an increased reservoir of magic. (+10% MP)
You shall have no god before yourself.
Your divine heritage dramatically boosts your attributes as you level up.
You are frail. (-10% HP)
Potions are less effective at restoring your health.


Message History

You shoot an arrow.
The arrow hits the Brimstone Fiend but does no damage.
The Brimstone Fiend is heavily wounded.
You shoot an arrow. The arrow hits the Brimstone Fiend.
The arrow freezes the Brimstone Fiend.
The Brimstone Fiend is severely wounded.
You shoot an arrow. The arrow hits the Brimstone Fiend!!!
The arrow freezes the Brimstone Fiend!
You kill the Brimstone Fiend!
No target in view!
You open the door.
A blizzard demon comes into view.
There is an open door here.
You shoot an arrow. The arrow hits the blizzard demon!!
The arrow freezes the blizzard demon.
The blizzard demon is heavily wounded.
You shoot an arrow. The arrow hits the blizzard demon!!
The arrow freezes the blizzard demon.
The blizzard demon is almost dead.
The blizzard demon closely misses you.
The blizzard demon completely misses you.
You shoot an arrow.
The arrow closely misses the blizzard demon.
The blizzard demon completely misses you.
You block the blizzard demon's attack.
You shoot an arrow. The arrow hits the blizzard demon!
You kill the blizzard demon!
No target in view!
There is an open door here.
There is an escape hatch in the floor here.
There is an open door here.
There is an open door here.
There is an open door here.
There is an open door here.
The sun demon hits the plant.
The plant begins to die.
The plant is engulfed in flames!
You see here a +0 robe.
A nearby plant withers and dies.
There is a staircase leading out of the dungeon here.
You have escaped! #PPPPPP.PPPPPPPP.# ###PPPPPPPPPPPPPPP.# ..#PPPPP....[PPPPP.# #.#PPP..PPPPP..PPP.# #.#PP.PPP...PPP.PP.# #.#PP.PP.PPP.PP.PP.#

#.#P.PP.PP.PP.PP.P.#
#.#P.P.PP.P.PP.P.P.#
#....P.P.PPP.P.P@P.### #####
..#P.P.PP.P.PP.P.P.[.###...##
###P.PP.PP.PP.PP.P##..#..#..##
#
#PP.PP.PPP2PP.PP##...##.##.###
#
#PP.PPP...PPP.PP##..##.⌠.##..##
#
#PPP..PPPPP..PPP##.####.####..#
#
#PPPPP.....PPPPP#..#.#.###.#..'
#
#PPPPPPPPPPPPPPP#.#.⌠.###.8.#.#
#
#PPPPPPPPPPPPPPP#..#.###.#.#..#


You could see a lorocyproca (invisible).

Vanquished Creatures
  the Royal Jelly (Slime:5)
  9 dread liches
  2 ancient liches
  5 orbs of fire
  Mara (Shoals:3)
  2 juggernauts (Depths:2)
  Josephina (Zot:1)
  A caustic shrike (Depths:1)
  3 Killer Klowns
  3 curse toes
  14 golden dragons
  2 bone dragons (Crypt:3)
  A profane servitor (D:6)
  4 electric golems
  Rupert (Lair:3)
  A Tzitzimitl (D:9)
  A Brimstone Fiend (D:1)
  18 tentacled monstrosities
  2 liches
  3 quicksilver dragons
  3 deep elf master archers (Elf:3)
  A walking earthen tome (Depths:4)
  27 Orb Guardians
  A deep elf blademaster (Elf:3)
  11 death cobs
  2 krakens (Shoals:3)
  2 sphinxes
  23 acid blobs
  4 ancient champions (Crypt:3)
  9 shadow dragons
  Donald (Snake:3)
  Kirke (Elf:1)
  A revenant (Crypt:2)
  3 tengu reavers
  15 storm dragons
  21 azure jellies
  12 nagarajas
  Ilsuiw (Shoals:3)
  12 draconian monks
  22 rockslimes
  12 vault wardens
  2 iron dragons
  5 deep elf sorcerers
  12 fire giants
  6 draconian knights
  8 frost giants
  4 deep elf elementalists (Elf:3)
  5 draconian shifters
  7 draconian scorchers
  Aizul (Snake:3)
  The ghost of CryoSword the Frost Mage, a journeyman HuIE of Sif Muna (D:14)
  3 ghost moths
  11 ironbound preservers
  2 curse skulls
  5 ghouls
  4 draconian stormcallers
  2 war gargoyles (Vaults:3)
  3 orc warlords
  9 draconian annihilators
  4 reapers
  11 stone giants
  The ghost of Conn the Thaumaturge, a journeyman OpFE of Sif Muna (Lair:3)
  16 very ugly things
  A spriggan defender (Depths:1)
  7 ironbound thunderhulks
  16 quicksilver oozes
  19 green draconians
  A juggernaut skeleton (Crypt:3)
  21 black draconians
  A lorocyproca (D:14)
  14 red draconians
  2 deep elf demonologists (Elf:3)
  8 vampire knights
  20 white draconians
  5 spark wasps
  10 purple draconians
  4 dire elephants
  8 deep elf annihilators
  18 yellow draconians
  5 deep elf death magi
  10 fire dragons
  17 jiangshi
  5 eidola
  8 crystal guardians
  7 ettins
  A blizzard demon (D:1)
  5 yaktaur captains
  An entropy weaver (Vaults:2)
  8 merfolk impalers
  6 merfolk javelineers (Shoals:4)
  A fire dragon (shapeshifter) (Vaults:3)
  22 great orbs of eyes
  4 deep elf high priests (Elf:3)
  4 rakshasas
  7 ice dragons
  A caustic shrike simulacrum (IceCv)
  5 spriggan skeletons (Crypt:3)
  Erolcha (D:10)
  7 hydras
  2 vault guards (Vaults:4)
  Fannar (Orc:1)
  10 anacondas
  2 hell beasts (Depths:2)
  9 peacekeepers
  8 ironbound frosthearts
  3 merfolk aquamancers
  2 spriggan air magi (Depths:3)
  An elf skeleton (Crypt:3)
  4 alligator snapping turtles
  3 death knights
  6 satyrs
  3 deep troll shamans
  2 merfolk avatars
  4 centaur warriors
  A fenstrider witch skeleton (Crypt:1)
  3 catoblepae
  6 two-headed ogres
  11 naga warriors
  7 boulder beetles
  6 tengu warriors
  2 deep troll earth magi (Depths:2)
  5 death yaks
  2 spriggan berserkers
  An orc high priest (Orc:2)
  16 dancing weapons
  9 vampire magi
  7 naga sharpshooters
  8 shock serpents
  A hell knight (Depths:1)
  3 soul eaters
  8 deep elf knights
  6 skysharks
  Nergalle (D:9)
  A sun demon (Depths:4)
  2 titan skeletons
  4 iron trolls
  A salamander mystic (Snake:3)
  A sixfirhy (D:13)
  47 skeletal warriors
  A storm dragon skeleton (Crypt:3)
  2 iron giant zombies (Crypt:3)
  The ghost of haror the Thaumaturge, a novice DrVM of Gozag (D:7)
  17 sea snakes
  2 cherubim (D:15)
  4 death drakes (Depths:4)
  27 deep trolls
  An orb spider (shapeshifter) (Elf:2)
  A swamp dragon (Lair:5)
  4 naga ritualists
  7 glowing orange brains
  An obsidian statue (IceCv)
  5 flayed ghosts
  5 bog bodies
  9 wizards
  4 spriggan simulacra
  7 deep elf archers
  3 necromancers
  2 orange crystal statues
  15 ironbound convokers
  Pikel (D:4)
  14 harpies
  22 deep elf pyromancers
  4 phantasmal warriors
  11 lindwurms
  An anaconda skeleton (Crypt:3)
  17 orc knights
  17 deep elf zephyrmancers
  7 orc sorcerers
  19 fauns
  6 mana vipers
  37 ugly things
  The ghost of glosham the Thaumaturge, a novice MeHs (D:5)
  8 shining eyes
  2 wolf spiders (Lair:5)
  A shadow dragon skeleton (Crypt:3)
  14 manticores
  An iron dragon skeleton (Crypt:3)
  7 cyclopes
  7 salamanders
  An iron dragon zombie (Crypt:1)
  7 merfolk sirens
  27 moths of wrath
  20 elephants
  27 black mambas
  A stone giant skeleton (Crypt:3)
  An eleionoma zombie (Crypt:1)
  A rust devil (D:13)
  A toenail golem (D:9)
  A black mamba (shapeshifter) (D:13)
  A dire elephant zombie (Crypt:1)
  8 water nymphs
  10 naga magi
  11 vault sentinels
  2 eyes of devastation
  A torpor snail (Lair:4)
  4 guardian serpents
  2 naga skeletons (Crypt:3)
  6 centaur zombies (D:11)
  A red draconian zombie (Crypt:1)
  A hellion (Zot:5)
  14 cane toads
  3 gargoyles
  A shock serpent skeleton (Crypt:1)
  2 storm dragon simulacra (Zot:1)
  3 unseen horrors
  7 rime drakes
  3 centaur skeletons (Crypt:3)
  2 dire elephant skeletons
  17 yaktaurs
  An alligator snapping turtle skeleton (Crypt:3)
  An orange demon (D:13)
  2 kobold demonologists (D:12)
  13 freezing wraiths
  14 komodo dragons
  A tengu conjurer (Elf:1)
  A tormentor (Depths:4)
  A white draconian skeleton (Crypt:1)
  A minotaur skeleton (Crypt:2)
  An anaconda simulacrum (IceCv)
  9 trolls
  4 ice devils
  11 polar bears
  3 red devils
  A golden dragon simulacrum (IceCv)
  A hornet (shapeshifter) (D:13)
  A harpy skeleton (Crypt:3)
  4 hornets
  37 merfolk
  2 hellwings
  A guardian serpent zombie (Crypt:2)
  5 wind drakes
  10 saltlings (Orc:2)
  35 blink frogs
  8 large abominations (Depths:3)
  4 raiju (Lair:5)
  8 snapping turtles
  112 slime creatures
  A blink frog (shapeshifter) (Depths:3)
  14 dream sheep
  14 flying skulls
  8 vampires
  3 spriggans (Depths:1)
  43 yaks
  A black mamba zombie (Crypt:3)
  4 dire elephant simulacra (IceCv)
  18 water elementals
  4 shadows (D:11)
  3 air elementals
  A ynoxinul (D:13)
  2 hogs (shapeshifter)
  Eustachio (D:5)
  2 wyverns
  A yak (shapeshifter) (D:14)
  5 wraiths
  7 basilisks
  3 small abominations (Depths:3)
  4 fire elementals
  4 hogs (Elf:1)
  3 steam dragons
  4 chaos spawn
  Grum (D:10)
  14 golden eyes
  2 neqoxecs (D:13)
  4 redbacks
  A minotaur simulacrum (IceCv)
  A basilisk (shapeshifter) (Elf:3)
  5 harpy simulacra (IceCv)
  7 wargs
  Edmund (D:5)
  34 nagas
  18 water moccasins
  Duvessa (D:7)
  A demonspawn zombie (Crypt:2)
  13 hell hounds (Lair:5)
  4 hydra simulacra (IceCv)
  2 floating eyes
  2 moth of wrath simulacra (Zot:1)
  An entropy weaver zombie (Crypt:2)
  6 acid dragons
  2 ice beasts
  A swamp drake (Lair:5)
  3 ettin simulacra (IceCv)
  21 orc warriors
  5 alligator simulacra (IceCv)
  16 black bears
  A spectral torpor snail (Lair:3)
  A sky beast (D:8)
  11 ogres
  A black mamba simulacrum (Lair:3)
  A blink frog zombie (Crypt:1)
  2 centaurs
  A swamp dragon zombie (Crypt:2)
  25 wolves
  6 boggarts
  A manticore skeleton (Crypt:3)
  3 lemures (D:4)
  2 kobold brigands
  24 bullfrogs
  Blork the orc (D:4)
  A gnoll sergeant (D:10)
  An earth elemental (Elf:1)
  A cane toad simulacrum (Lair:3)
  A yaktaur skeleton (Crypt:2)
  6 scorpions
  2 deep troll simulacra (IceCv)
  A draconian skeleton (Crypt:3)
  A water moccasin zombie (Crypt:2)
  3 necrophages
  8 wights
  Dowan (D:7)
  6 killer bees
  3 lindwurm simulacra (IceCv)
  2 dream sheep simulacra (Lair:3)
  A troll skeleton (Crypt:1)
  An electric eel (Lair:3)
  4 howler monkeys
  3 lava snakes (D:8)
  A hound (D:6)
  3 jellies
  12 orc priests
  4 gnoll boudas
  A black bear skeleton (Crypt:3)
  16 orc wizards
  6 iguanas
  A killer bee zombie (Crypt:1)
  A naga zombie (Crypt:2)
  An ogre skeleton (Crypt:3)
  Robin (D:2)
  6 adders
  20 gnolls
  2 steam dragon skeletons
  4 white imps
  A jelly zombie (Crypt:2)
  A lava snake zombie (Crypt:3)
  A worm (shapeshifter) (D:15)
  3 worms (D:2)
  4 dart slugs
  73 orcs
  11 ball pythons
  3 bats
  15 endoplasms
  8 giant cockroaches
  19 goblins
  14 hobgoblins
  6 jackals
  4 quokkas
  2 frilled lizards
  A jackal skeleton (Crypt:3)
  27 kobolds
  6 rats
  A plant (Shoals:1)
  3 tentacles (Shoals:3)
2397 creatures vanquished.

Vanquished Creatures (others)
  A quicksilver dragon (Depths:4)
  A death cob (Zot:1)
  A draconian knight (Zot:3)
  An eidolon (Elf:2)
  A mana viper (Snake:4)
  2 humans (Elf:1)
  A golden eye (Elf:2)
  A moth of wrath simulacrum (Zot:1)
  A kobold brigand (D:8)
  2 bushes (Lair:5)
  A demonic plant (D:13)
  80 fungi
  9 pillars of salt (Orc:2)
  290 plants
  7 tentacles (Shoals:3)
  A withered plant (D:11)
400 creatures vanquished.

Grand Total: 2797 creatures vanquished

Notes
Turn   | Place    | Note
-------+----------+-------------------------------------------
     0 | D:1      | MacCMillion the Demigod Hunter began the quest for the Orb.
     0 | D:1      | Reached XP level 1. HP: 17/17 MP: 3/3
    42 | D:1      | Reached skill level 1 in Stealth
    80 | D:1      | Reached XP level 2. HP: 24/24 MP: 4/4
   324 | D:1      | Found The Oracle's Delphic Readings.
   880 | D:2      | Reached XP level 3. HP: 29/29 MP: 5/5
  1141 | D:2      | Noticed Robin
  1271 | D:2      | Reached XP level 4. HP: 36/36 MP: 6/6
  1610 | D:2      | Reached skill level 5 in Ranged Weapons
  2409 | D:2      | Killed Robin
  3335 | D:3      | Reached XP level 5. HP: 20/41 MP: 7/7
  3858 | D:4      | Noticed Blork the orc
  3868 | D:4      | Killed Blork the orc
  4595 | D:4      | Noticed Pikel
  4999 | D:5      | Entered Level 5 of the Dungeon
  5014 | D:5      | Found a large runed translucent door.
  5014 | D:5      | Found a large runed translucent door.
  5016 | D:5      | Noticed glosham's ghost (novice MeHs)
  5118 | D:5      | Reached XP level 6. HP: 48/48 MP: 8/8
  5139 | D:5      | Noticed Edmund
  5681 | D:5      | Reached XP level 7. HP: 29/53 MP: 9/9
  5837 | D:5      | Noticed Eustachio
  5923 | D:5      | Killed Eustachio
  6652 | D:6      | Reached XP level 8. HP: 55/59 MP: 10/10
  6760 | D:6      | Reached skill level 10 in Ranged Weapons
  6976 | D:6      | Reached skill level 2 in Fighting
  7619 | D:6      | Found Gisoewn's Weapon Boutique.
  8147 | D:7      | Reached skill level 3 in Fighting
  8216 | D:7      | Found a staircase to the Ecumenical Temple.
  8831 | D:7      | Noticed Dowan
  8832 | D:7      | Noticed Duvessa
 10241 | D:5      | Killed Edmund
 10413 | D:4      | HP: 3/63 [Pikel/bolt of acid (22)]
 10818 | D:7      | Reached XP level 9. HP: 67/70 MP: 11/11
 11005 | D:7      | Found a runed translucent gate.
 11006 | D:7      | Found a runed translucent gate.
 11006 | D:7      | Found a runed translucent gate.
 11009 | D:7      | Noticed haror's ghost (novice DrVM)
 11189 | D:8      | You fall into a shaft and drop 1 floor!
 11209 | D:9      | Noticed a two-headed ogre
 11441 | D:9      | Reached skill level 4 in Fighting
 11972 | D:9      | Killed a two-headed ogre
 12485 | D:8      | Reached skill level 5 in Fighting
 12485 | D:8      | Reached skill level 5 in Dodging
 12899 | D:8      | Reached XP level 10. HP: 76/81 MP: 13/13
 12918 | D:8      | Found a staircase to the Lair.
 13104 | D:8      | Noticed an orange crystal statue
 13208 | D:7      | Killed Duvessa
 13211 | D:7      | Killed Dowan
 13909 | D:10     | Entered Level 10 of the Dungeon
 14053 | D:10     | Noticed Erolcha
 14058 | D:10     | Noticed a two-headed ogre
 14068 | D:10     | Killed a two-headed ogre
 14588 | D:6      | Bought a +4 longbow of freezing for 404 gold pieces
 14891 | D:10     | Reached skill level 6 in Fighting
 15041 | D:10     | Noticed Nergalle
 15234 | D:10     | Noticed a spectral orc warlord
 15243 | D:9      | Killed Nergalle
 15419 | D:10     | Noticed Grum
 15720 | D:10     | Killed Grum
 16554 | D:11     | Identified the +0 robe "Helu" {Str+3}
 16676 | D:11     | Noticed a manticore
 16897 | D:11     | Reached XP level 11. HP: 79/91 MP: 14/14
 17065 | D:11     | Reached skill level 7 in Fighting
 17895 | D:11     | Found a staircase to the Orcish Mines.
 18628 | D:12     | Identified the +8 plate armour of Blue Skies {rPois Str+4}
 18806 | D:12     | Noticed a soul eater
 19176 | D:12     | Noticed a two-headed ogre
 19181 | D:12     | Killed a two-headed ogre
 19362 | D:12     | Noticed a boulder beetle
 19370 | D:12     | Killed a boulder beetle
 19459 | D:12     | Reached skill level 8 in Fighting
 19974 | D:4      | Killed Pikel
 20138 | Lair:1   | Entered Level 1 of the Lair of Beasts
 21132 | Lair:1   | Reached skill level 15 in Ranged Weapons
 21132 | Lair:1   | Reached XP level 12. HP: 103/103 MP: 15/15
 22466 | Lair:2   | Identified the +1 robe of Weightlessness {Rampage rF- Str+3
                  | Stlth+}
 22482 | Lair:2   | Found a staircase to the Snake Pit.
 22848 | Lair:2   | Learned a level 2 spell: Blink
 23047 | Lair:2   | Noticed a six-headed hydra
 23110 | Lair:2   | Reached skill level 1 in Translocations
 23172 | Lair:2   | Killed a six-headed hydra
 24312 | Lair:2   | Found a staircase to the Snake Pit.
 25217 | Lair:3   | Noticed Rupert
 25238 | Lair:3   | Found a staircase to the Shoals.
 25384 | Lair:3   | Found a runed translucent gate.
 25385 | Lair:3   | Found a runed translucent gate.
 25385 | Lair:3   | Found a runed translucent gate.
 25389 | Lair:3   | Noticed Conn's ghost (journeyman OpFE)
 25962 | Lair:3   | Reached XP level 13. HP: 108/108 MP: 16/16
 27152 | Lair:5   | Entered Level 5 of the Lair of Beasts
 27199 | Lair:4   | Reached skill level 9 in Fighting
 27418 | Lair:4   | Identified a scroll of acquirement
 27420 | Lair:4   | Acquired a +1 pair of boots of stealth
 29006 | Lair:4   | Reached skill level 5 in Translocations
 29955 | Lair:5   | Reached skill level 10 in Fighting
 29955 | Lair:5   | Reached skill level 10 in Dodging
 29975 | Lair:5   | Reached XP level 14. HP: 101/121 MP: 17/17
 30220 | Lair:5   | Found a staircase to the Slime Pits.
 32400 | Lair:5   | Reached skill level 1 in Armour
 34789 | Lair:5   | Reached skill level 5 in Armour
 35557 | Orc:1    | Entered Level 1 of the Orcish Mines
 35560 | Orc:1    | Found Laen Soyp's Magic Scroll Shoppe.
 35643 | Orc:1    | Paralysed by an orc sorcerer for 3 turns
 35761 | Orc:1    | Noticed Fannar
 35766 | Orc:1    | Killed Fannar
 35875 | Orc:1    | Found Acrum's Distillery.
 35966 | Orc:2    | Entered Level 2 of the Orcish Mines
 36059 | Orc:2    | Found a staircase to the Elven Halls.
 36230 | Orc:2    | Paralysed by an orc sorcerer for 3 turns
 36253 | Orc:2    | Found Enuoz's Weapon Emporium.
 36287 | Orc:2    | Noticed an orc warlord
 36323 | Orc:2    | Killed an orc warlord
 36333 | Orc:2    | Reached skill level 11 in Fighting
 37480 | Orc:2    | Found Filo's Weapon Boutique.
 37499 | Orc:2    | Found Boal's Antique Weapon Shop.
 37501 | Orc:2    | Found Bom Dongotah's Antique Weapon Shop.
 37605 | Orc:1    | You fall into a shaft and drop 1 floor!
 37668 | Orc:1    | Found Depaita's Weapon Shoppe.
 37821 | Orc:1    | Bought a scroll of identify for 24 gold pieces
 37821 | Orc:1    | Bought a scroll of identify for 24 gold pieces
 37821 | Orc:1    | Bought a scroll of identify for 24 gold pieces
 37821 | Orc:1    | Bought a scroll of identify for 24 gold pieces
 38348 | D:13     | Reached XP level 15. HP: 130/130 MP: 18/18
 38908 | D:13     | Found Eseosuonoewk's Weapon Shoppe.
 39033 | D:13     | Identified the +4 long sword of Poatyede {antimagic, Fly
                  | rN++}
 39174 | D:13     | Found a gate to the Vaults.
 39556 | D:14     | Found Cuis's Assorted Antiques.
 39614 | D:14     | Found a transporter.
 39617 | D:14     | Noticed CryoSword's ghost (journeyman HuIE)
 39631 | D:14     | Found a transporter.
 40048 | D:15     | Entered Level 15 of the Dungeon
 40211 | D:15     | Found a frozen archway.
 40223 | IceCv    | Entered an ice cave
 40362 | IceCv    | Reached skill level 12 in Fighting
 42009 | IceCv    | Noticed a lich
 42229 | IceCv    | Killed a lich
 43014 | IceCv    | Identified the ring of Itiek {rN+ Int+2}
 43450 | D:15     | Found a portal to a secret trove of treasure.
 43660 | D:15     | Found a staircase to the Depths.
 44065 | D:15     | Reached skill level 13 in Fighting
 44530 | D:15     | Reached skill level 1 in Spellcasting
 44961 | Snake:1  | Entered Level 1 of the Snake Pit
 45114 | Snake:1  | Got the Exposition on Burning
 45189 | Snake:1  | Learned a level 3 spell: Portal Projectile
 45685 | Snake:1  | Reached XP level 16. HP: 144/144 MP: 22/22
 45687 | Snake:1  | Reached skill level 1 in Hexes
 46342 | Snake:1  | Found Qaopit's Jewellery Shop.
 46342 | Snake:1  | Found Vaokunk's Book Emporium.
 46343 | Snake:1  | Found Woonn's Jewellery Shop.
 46357 | Snake:1  | Bought the ring of Tygipnofre {rPois rF+ Str+6 SInv} for
                  | 817 gold pieces
 46673 | Snake:2  | Reached skill level 1 in Evocations
 46939 | Snake:2  | Identified the +0 ring mail "Sayk Sau" {rC+ rCorr Int+2}
 48590 | Snake:3  | Noticed Donald
 48609 | Snake:3  | Killed Donald
 48864 | Snake:3  | Reached skill level 14 in Fighting
 50033 | Snake:4  | Entered Level 4 of the Snake Pit
 50123 | Snake:4  | Found Padiev Zoli's General Store.
 51196 | Snake:4  | Identified the +5 trident "Fahiuseism" {heavy, Will+}
 51242 | Snake:4  | Noticed Aizul
 51265 | Snake:3  | Killed Aizul
 51266 | Snake:3  | Reached skill level 5 in Hexes
 52239 | Snake:4  | Reached XP level 17. HP: 154/154 MP: 25/25
 52473 | Snake:4  | Got a serpentine rune of Zot
 52588 | Snake:1  | Bought a ring of willpower for 375 gold pieces
 52721 | D:10     | Killed Erolcha
 53128 | D:5      | Killed glosham's ghost
 53189 | D:7      | Killed haror's ghost
 53682 | Shoals:1 | Entered Level 1 of the Shoals
 53727 | Shoals:1 | Identified the +10 short sword "Ibe Moma" {speed, Drain
                  | rN++ Dex+3}
 54933 | Shoals:2 | Found Xoer's General Store.
 54987 | Shoals:2 | Reached skill level 15 in Fighting
 55110 | Shoals:2 | Reached skill level 15 in Dodging
 55246 | Shoals:2 | Found Titi's Jewellery Emporium.
 55261 | Shoals:2 | Identified the +0 robe of Wu Jian, Changing {Archmagi}
 55782 | Shoals:3 | Noticed Ilsuiw
 56243 | Shoals:3 | Noticed Mara
 56263 | Shoals:3 | Noticed MacCMillion's illusion
 56293 | Shoals:3 | Killed Mara
 56590 | Shoals:3 | Reached skill level 10 in Armour
 57931 | Shoals:4 | Entered Level 4 of the Shoals
 58141 | Shoals:3 | Killed Ilsuiw
 59473 | Shoals:4 | Identified the +1 pair of gloves of Ixkiciod {Will+ Dex+2}
 60180 | Shoals:4 | Reached skill level 16 in Fighting
 60205 | Shoals:4 | Reached XP level 18. HP: 166/166 MP: 26/26
 60957 | Shoals:4 | Got a barnacled rune of Zot
 61930 | Shoals:2 | Bought the amulet of Laeschoso {Reflect rPois rC++ rCorr
                  | MP-9 SH+5} for 726 gold pieces
 62207 | Elf:1    | Entered Level 1 of the Elven Halls
 62552 | Elf:1    | Noticed Kirke
 62567 | Elf:1    | Killed Kirke
 62657 | Elf:1    | Found Moklacia's General Store.
 63391 | Elf:1    | Paralysed by an air elemental for 1 turns
 64362 | Elf:2    | Found Neteh's Distillery.
 64368 | Elf:2    | Bought a potion of heal wounds for 85 gold pieces
 64458 | Elf:2    | Found a runed translucent gate.
 64459 | Elf:2    | Found a runed translucent gate.
 64459 | Elf:2    | Found a runed translucent gate.
 64613 | Elf:2    | Reached skill level 17 in Fighting
 64762 | Elf:3    | Entered Level 3 of the Elven Halls
 64834 | Elf:3    | Found Ufovukka's Weapon Shop.
 64918 | Elf:3    | Identified the staff of poison "Jamifo" {rPois rN++ Int+4}
 65051 | Elf:3    | Paralysed by an air elemental for 1 turns
 65574 | Elf:3    | Identified the +6 short sword of Proximity {drain, *Noise
                  | rPois rC+}
 65574 | Elf:3    | Identified the amulet of Wu Jian's Favour {RegenMP Int+2
                  | Dex+3}
 66503 | Elf:3    | Identified the +7 battleaxe "Fykhlaed" {freeze, Int+2
                  | Dex+2}
 66679 | Elf:3    | Noticed a Tzitzimitl
 66857 | Elf:3    | Got Sif Muna's Elucidation of the Hills
 66867 | Elf:3    | Identified the +1 shortbow of a sewer {flame, Str-5 Int+3
                  | Dex+2}
 68163 | D:14     | Killed CryoSword's ghost
 68164 | D:14     | Reached skill level 18 in Fighting
 68164 | D:14     | Reached XP level 19. HP: 157/179 MP: 9/27
 68237 | D:14     | Identified the +0 cloak "Sesoem" {Str+2}
 68332 | Vaults:1 | Entered Level 1 of the Vaults
 68456 | Vaults:1 | Noticed a golden dragon
 68610 | D:13     | Killed a golden dragon
 70647 | Vaults:1 | Reached skill level 19 in Fighting
 72009 | Vaults:2 | Reached skill level 20 in Fighting
 72387 | Vaults:2 | Found a staircase to the Crypt.
 73871 | Vaults:3 | Reached skill level 21 in Fighting
 73970 | Vaults:3 | Noticed a dread lich
 73992 | Vaults:3 | Killed a dread lich
 73993 | Vaults:3 | Reached XP level 20. HP: 178/198 MP: 19/28
 74450 | Vaults:3 | Found Ogulawenn's Jewellery Emporium.
 75193 | Vaults:3 | Identified the +0 robe of Submission {rF+++ Will+}
 76037 | Vaults:4 | Found Rippam Bush's Weapon Emporium.
 76851 | Depths:1 | Entered Level 1 of the Depths
 77024 | Depths:1 | Found a transporter.
 77027 | Depths:1 | Found a transporter.
 77041 | Depths:1 | Found a one-way gate to the infinite horrors of the Abyss.
 77041 | Depths:1 | Noticed Jounuxep's ghost (adept KoGl)
 77158 | Depths:1 | Found a one-way gate leading to the halls of Pandemonium.
 77229 | Depths:1 | Reached skill level 22 in Fighting
 77518 | Depths:1 | Noticed a profane servitor
 77522 | Depths:1 | Noticed a profane servitor
 77685 | Depths:1 | Found a gateway to Hell.
 78317 | Snake:1  | Bought a book of Displacement for 396 gold pieces
 78317 | Snake:1  | Bought a There-And-Back Book for 540 gold pieces
 78324 | Snake:1  | Learned a level 6 spell: Dispersal
 78324 | Snake:1  | Acquired a manual of Translocations
 78402 | Snake:4  | Bought a scroll of blinking for 97 gold pieces
 78402 | Snake:4  | Bought 3 scrolls of fog for 156 gold pieces
 78402 | Snake:4  | Bought a potion of heal wounds for 65 gold pieces
 78645 | Orc:1    | Bought a potion of haste for 160 gold pieces
 78672 | Orc:1    | Bought a scroll of blinking for 90 gold pieces
 78838 | Depths:1 | Acquired 873 gold pieces
 79036 | Depths:2 | Identified the +1 robe of Barnacled Joy {rN++ MP-9}
 79044 | Depths:2 | Found Nefaen's Magic Scroll Shop.
 79052 | Depths:2 | Bought a scroll of teleportation for 42 gold pieces
 79300 | Depths:2 | Reached skill level 10 in Translocations
 80001 | Depths:2 | You fall into a shaft and drop 2 floors!
 80001 | Depths:4 | Entered Level 4 of the Depths
 80316 | Depths:2 | Reached XP level 21. HP: 207/207 MP: 21/30
 80458 | Depths:2 | Noticed a juggernaut
 80471 | Depths:2 | Found a runed translucent door.
 80472 | Depths:2 | Killed a juggernaut
 80473 | Depths:2 | Found the +7 Spriggan's Knife {stab, EV+4 Stlth+}
 80477 | Depths:2 | Noticed a caustic shrike
 80958 | Depths:2 | Noticed a juggernaut
 80968 | Depths:2 | Killed a juggernaut
 81102 | Depths:1 | Killed a caustic shrike
 81374 | Depths:2 | Found a runed translucent door.
 81384 | Depths:2 | Found a runed translucent door.
 81387 | Depths:2 | Found a runed translucent door.
 81625 | Depths:3 | Reached skill level 15 in Translocations
 83168 | Depths:4 | Noticed a golden dragon
 83173 | Depths:4 | Killed a golden dragon
 83219 | Depths:4 | Noticed a golden dragon
 83225 | Depths:4 | Noticed a golden dragon
 83230 | Depths:4 | Killed a golden dragon
 83235 | Depths:4 | Killed a golden dragon
 83347 | Depths:4 | Found a one-way gateway to a ziggurat.
 83573 | Depths:4 | Noticed a golden dragon
 83581 | Depths:4 | Killed a golden dragon
 83979 | Depths:4 | Reached skill level 23 in Fighting
 84037 | Depths:4 | Found a gate to the Realm of Zot.
 84049 | Depths:4 | Reached XP level 22. HP: 220/220 MP: 22/31
 84776 | Depths:4 | Found a one-way gateway to a ziggurat.
 85257 | Depths:4 | Found a gate to the Realm of Zot.
 85590 | Lair:3   | Killed Rupert
 85778 | Lair:3   | Killed Conn's ghost
 85971 | Slime:1  | Entered Level 1 of the Pits of Slime
 86625 | Slime:2  | Gained mutation: You are frail. (-10% HP) [a shining eye]
 88992 | Slime:4  | Gained mutation: You are very frail. (-20% HP) [a shining
                  | eye]
 89207 | Slime:5  | Entered Level 5 of the Pits of Slime
 89231 | Slime:5  | Gained mutation: You are extremely frail. (-30% HP) [a
                  | shining eye]
 89275 | Slime:4  | Lost mutation: You are extremely frail. (-30% HP) [potion
                  | of mutation]
 89275 | Slime:4  | Lost mutation: You are very frail. (-20% HP) [potion of
                  | mutation]
 89275 | Slime:4  | Gained mutation: You are strong-willed. (Will+) [potion of
                  | mutation]
 89275 | Slime:4  | Gained mutation: You are very frail. (-20% HP) [potion of
                  | mutation]
 89275 | Slime:4  | Gained mutation: You have sharp toenails. [potion of
                  | mutation]
 89276 | Slime:4  | Lost mutation: You are strong-willed. (Will+) [potion of
                  | mutation]
 89276 | Slime:4  | Lost mutation: You are very frail. (-20% HP) [potion of
                  | mutation]
 89276 | Slime:4  | Lost mutation: You are frail. (-10% HP) [potion of
                  | mutation]
 89276 | Slime:4  | Gained mutation: You are frail. (-10% HP) [potion of
                  | mutation]
 89276 | Slime:4  | Gained mutation: Your muscles are strong. (Str +4, Int/Dex
                  | -1) [potion of mutation]
 89276 | Slime:4  | Gained mutation: You are agile. (Dex +4, Str/Int -1)
                  | [potion of mutation]
 90516 | Slime:5  | Noticed the Royal Jelly
 90648 | Slime:5  | Killed the Royal Jelly
 91867 | Slime:5  | Got a slimy rune of Zot
 91868 | Slime:5  | Identified the staff of cold "Bacascheni" {rPois rC+ Str+6
                  | Dex-3}
 91887 | Slime:5  | Identified the ring of the Tuna {rC+ Str+3 Int+2}
 91897 | Slime:5  | Identified the +7 shortbow "Kufuodin" {flame, *Slow rC+
                  | Str+3 Int+2}
 91906 | Slime:5  | Identified the staff of conjuration "Xuextucs" {rC+ MP+9
                  | Dex+2 SInv}
 91922 | Slime:5  | Identified the staff of poison "Jaud Zeo" {rPois Int+4}
 91932 | Slime:5  | Identified the +2 war axe of Raeno {speed, *Slow Fly rElec
                  | rF- SInv}
 91954 | Slime:5  | Identified the +7 hand axe "Woifoll" {venom, Str+2 Int+4}
 91955 | Slime:5  | Identified the ring of Wuynu {Drain rN+ Int+3 Dex+4}
 91967 | Slime:5  | Identified the +1 glaive of Uzes {freeze, rPois SInv}
 92546 | Crypt:1  | Entered Level 1 of the Crypt
 92792 | Crypt:1  | Reached skill level 24 in Fighting
 93788 | Crypt:2  | Identified the +9 shortbow of True Grit {antimagic, Int+3}
 93904 | Crypt:2  | Reached XP level 23. HP: 206/206 MP: 23/32
 94647 | Crypt:3  | Entered Level 3 of the Crypt
 95592 | Crypt:3  | Noticed an ancient lich
 95600 | Crypt:3  | Killed an ancient lich
 95623 | Crypt:3  | Found a staircase to the Tomb.
 95977 | Crypt:3  | Noticed a dread lich
 95986 | Crypt:3  | Killed a dread lich
 96881 | Zot:1    | Entered Level 1 of the Realm of Zot
 97008 | Zot:1    | Reached skill level 25 in Fighting
 97641 | Zot:1    | Identified the ring "Ytianly" {Ice Int+3}
 97641 | Zot:1    | Noticed Josephina
 97664 | Zot:1    | Killed Josephina
 98876 | Zot:1    | Noticed an orb of fire
 99808 | Zot:2    | Noticed an orb of fire
 99823 | Zot:2    | Killed an orb of fire
 99925 | Zot:2    | Reached XP level 24. HP: 218/218 MP: 7/32
100913 | Zot:2    | Found a transporter.
101183 | Zot:2    | Found a transporter.
101567 | Zot:2    | Found a transporter.
101791 | Zot:2    | Found a transporter.
102732 | Zot:3    | Reached skill level 26 in Fighting
103473 | Zot:3    | Noticed an orb of fire
103614 | Zot:3    | You fall into a shaft and drop 1 floor!
103702 | Zot:4    | Noticed a Killer Klown
103730 | Zot:4    | Killed a Killer Klown
104800 | Zot:5    | Entered Level 5 of the Realm of Zot
105320 | Zot:5    | Noticed a dread lich
105438 | Zot:5    | Noticed a dread lich
105448 | Zot:4    | Killed a dread lich
105564 | Zot:5    | Killed a dread lich
105572 | Zot:5    | Noticed a dread lich
105579 | Zot:5    | Killed a dread lich
105592 | Zot:5    | Noticed an orb of fire
105594 | Zot:5    | Noticed a Killer Klown
105596 | Zot:5    | Lost mutation: You are agile. (Dex +4, Str/Int -1) [an orb
                  | of fire]
105606 | Zot:5    | Gained mutation: You are very frail. (-20% HP) [an orb of
                  | fire]
105612 | Zot:5    | Gained mutation: You have hidden genetic defects. [an orb
                  | of fire]
105616 | Zot:5    | Killed an orb of fire
105620 | Zot:5    | Killed a Killer Klown
105621 | Zot:5    | Reached XP level 25. HP: 106/202 MP: 1/32
105662 | Zot:5    | Noticed a dread lich
105671 | Zot:5    | Killed a dread lich
106108 | Zot:5    | Noticed an orb of fire
106113 | Zot:5    | Lost mutation: Your muscles are strong. (Str +4, Int/Dex
                  | -1) [an orb of fire]
106129 | Zot:5    | Killed an orb of fire
106140 | Zot:5    | Noticed an orb of fire
106152 | Zot:5    | Noticed a dread lich
106154 | Zot:5    | Noticed a dread lich
106155 | Zot:5    | Killed an orb of fire
106172 | Zot:5    | Killed a dread lich
106185 | Zot:5    | Killed a dread lich
106324 | Zot:5    | Noticed an orb of fire
106352 | Zot:5    | Noticed an ancient lich
106363 | Zot:5    | Killed an ancient lich
106374 | Zot:5    | Gained mutation: Potions are less effective at restoring
                  | your health. [hidden defects]
106406 | Zot:5    | Killed an orb of fire
106407 | Zot:5    | Lost mutation: You have sharp toenails. [potion of
                  | mutation]
106407 | Zot:5    | Lost mutation: Potions are less effective at restoring your
                  | health. [potion of mutation]
106407 | Zot:5    | Lost mutation: You are very frail. (-20% HP) [potion of
                  | mutation]
106407 | Zot:5    | Gained mutation: You are vulnerable to heat. (rF-) [potion
                  | of mutation]
106407 | Zot:5    | Gained mutation: You sometimes lose your temper in combat.
                  | [potion of mutation]
106407 | Zot:5    | Gained mutation: You are agile. (Dex +4, Str/Int -1)
                  | [potion of mutation]
106408 | Zot:5    | Lost mutation: You are agile. (Dex +4, Str/Int -1) [potion
                  | of mutation]
106408 | Zot:5    | Lost mutation: You are vulnerable to heat. (rF-) [potion of
                  | mutation]
106408 | Zot:5    | Lost mutation: You sometimes lose your temper in combat.
                  | [potion of mutation]
106606 | Zot:5    | Noticed a dread lich
106616 | Zot:5    | Killed a dread lich
107043 | Zot:5    | Noticed an ancient lich
107780 | Zot:5    | Got the Orb of Zot
107931 | Zot:1    | Gained mutation: Potions are less effective at restoring
                  | your health. [hidden defects]
107931 | Zot:1    | Lost mutation: You have hidden genetic defects. [hidden
                  | defects expressed]
107959 | Zot:1    | Noticed Izuylim the pandemonium lord
108452 | D:$      | Escaped with the Orb!

Illustrated notes

Levels and vault maps discovered:
D:1:      roderic_crop_circles_arrival_small, layout_basic,
          grunt_decor_mini_mirrors, minmay_misc_feat_cross,
          nicolae_nh_oracle_at_delphi
D:2:      layout_loops_cross, uniq_robin
D:3:      layout_basic, mainiacjoe_overflow_24_doors, amcnicky_altar_gilded,
          mainiacjoe_overflow_brackets
D:4:      layout_loops_ring, nicolae_hexahallways, grunt_ministairs_1,
          uniq_blork_the_orc, uniq_pikel
D:5:      nicolae_cairo_tiling_large, layout_basic, serial_rivers,
          chequers_serial_rivers_large_b, chequers_serial_rivers_micro_a,
          chequers_serial_rivers_small_b, chequers_serial_rivers_micro_e,
          ebering_ghost_disaster_area, uniq_edmund, uniq_eustachio
D:6:      layout_layer_cave, nicolae_qazlal_style_of_elements,
          mainiacjoe_overflow_alcove_4, mainiacjoe_overflow_swirl, serial_shops,
          shop, minmay_unpleasant_kobolds
D:7:      layout_loops_corners, nicolae_ru_great_annihilating_truth,
          minmay_temple_entry_tees, ebering_ghost_rock_garden, uniq_duvessa
D:8:      layout_rooms, nzn_hepliaklqana_mist_gate, due_lair_maze_entry_diamond,
          disabler_island
D:9:      layout_gridville
D:10:     layout_gridville, uniq_nergalle, uniq_grum, uniq_erolcha
D:11:     layout_loops_ring, david_orc_5, serial_undead, serial_undead_d,
          serial_undead_f, serial_undead_a, serial_undead_a
D:12:     layout_roguey
D:13:     layout_small_grid, david_vaults_4, serial_shops,
          nicolae_shop_waterfront, serial_demonic, serial_demonic_g,
          serial_demonic_d, serial_demonic_f, serial_demonic_f, serial_demonic_b
D:14:     layout_loops_ring, chequers_serial_rivers_large_a,
          gammafunk_ghost_berserking_beasts, serial_shops, shop,
          chequers_serial_rivers_marsh
D:15:     grunt_enter_depths_hoard, layout_stronghold,
          portal_ice_cave_entry_pillars_2, nicolae_trove_entry_diagonal, pf_eden
Lair:1:   layout_hall_layers, nicolae_quartered_pool_medium, beast_lair_carwin_8
Lair:2:   layout_chaotic_city, guppyfry_snake_entry_island, minivault_23,
          grunt_megastairs_2
Lair:3:   layout_cave_pods, shoals_dummy_entry, gammafunk_ghost_necromancy,
          serial_bayou_lagoon_a, uniq_rupert
Lair:4:   layout_roguey, lemuel_fruit_tree
Lair:5:   hangedman_lair_caniforms_friends, layout_loops_ring,
          guppyfry_lair_end_dragon, nicolae_slime_entry_slimehenge,
          wad_woods_road_01, nicolae_lair_run_with_the_wolves
Shoals:1: layout_shoals, nicolae_shoals_square_sea_wall
Shoals:2: layout_shoals, serial_shops, shop, shop
Shoals:3: nzn_motion_control, layout_shoals, nicolae_shoals_kraken_intersection,
          uniq_ilsuiw, uniq_mara
Shoals:4: shoals_end_grunt_ice, layout_shoals
Snake:1:  layout_gridlike, minmay_shop_grove
Snake:2:  layout_rooms, nicolae_snake_gridmaze_spiral
Snake:3:  layout_concentric_octagons, basic_altar, serial_bayou_pond_a,
          st_stairs_11, nicolae_elevator_lobby_plus, uniq_donald
Snake:4:  grunt_snake_rune_pools, layout_rooms, serial_shops, shop, uniq_aizul
Slime:1:  layout_caves, basic_altar, cheibrodos_slime_lost_civilization_5
Slime:2:  layout_caves
Slime:3:  layout_caves, special_room [special_room_jelly], nicolae_slime_barrier
Slime:4:  layout_caves, special_room [special_room_jelly]
Slime:5
Orc:1:    layout_diamond_mine, serial_shops, shop_statue, nicolae_shop_crystal,
          nicolae_shop_back_alley_shop, basic_altar, uniq_fannar
Orc:2:    hellmonk_orc_salted, layout_caves
Elf:1:    elf_arrival_001, layout_loops_cross, serial_shops, shop,
          hangedman_elf_disciples, small_statue_intersection, uniq_kirke
Elf:2:    nicolae_elf_blades_crystal_corner, layout_loops_corners, serial_shops,
          nicolae_shop_industrial_runoff, hangedman_research_probablistics
Elf:3:    minmay_elf_hall_furrowed, layout_geoelf_grid, serial_shops,
          nicolae_shop_bloodbath_and_beyond, st_stairs_12
Vaults:1: nicolae_vaults_ring_of_whatevers, v_pattern_5,
          nicolae_vaults_network_s, ontoclasm_vaults_hangar,
          hangedman_vaults_snaps, ontoclasm_vaults_chip,
          nicolae_vaults_diamond_1, nicolae_vaults_mini_display_case,
          layout_vaults_quadrants
Vaults:2: vaults_mumra_lcd, nicolae_vaults_doubleplus_tesselated, v_misc_17,
          ontoclasm_vaults_eye, hangedman_vaults_locks, v_alt_pattern_3,
          v_misc_28, minmay_crypt_entry_necro_gods,
          nicolae_vaults_door_testing_chamber, ontoclasm_vaults_misaligned,
          hangedman_vaults_maws, nicolae_vaults_trapezoid_1,
          nicolae_vaults_storage_room_water, nicolae_vaults_shelves_hall,
          layout_vaults_chaotic_city
Vaults:3: nicolae_vaults_little_squares_3, nicolae_vaults_thirteen_compartments,
          dpeg_vaults_monster_row, ontoclasm_vaults_loading_screen,
          nicolae_vaults_apartment_1, hangedman_vaults_stream,
          nicolae_vaults_stairing_the_circle, vaults_dpeg_encased_lava,
          nicolae_vaults_double_plus_2, ontoclasm_vaults_decontamination,
          layout_vaults_maze_bifur, serial_shops, nicolae_shop_trees
Vaults:4: vaults_room_pool, nicolae_vaults_storage_closets_3,
          hangedman_vaults_slice, v_misc_12, hangedman_vaults_trim,
          nicolae_vaults_network_barrier, hangedman_vaults_stretched_pinwheel,
          v_misc_2, nicolae_vaults_shelves_hall, ontoclasm_vaults_ring_small,
          nicolae_vaults_rhombus_7, nicolae_vaults_apartment_1,
          layout_vaults_big_cross, serial_shops, shop
Crypt:1:  layout_misc_corridors, grunt_megastairs_5
Crypt:2:  layout_misc_corridors, grunt_ministairs_2, st_stairs_12
Crypt:3:  church_of_pain_bobbens, layout_chaotic_city, hex_large
Depths:1: layout_gridlike, minmay_hedge_maze, pan_entry,
          gammafunk_ghost_abyssal_escape, serial_curves, eino_curves_04,
          eino_curves_02, eino_curves_02, pf_vacation_house_of_asmodeus,
          kennysheep_nondescript, glass_columns_b, tso_oasis_becter
Depths:2: impenetrable_vault, layout_gridlike, special_room
          [special_room_jelly], rand_demon_pan_entry_4, grunt_mini_vestibule,
          kennysheep_doodads, serial_shops, shop_scrolls
Depths:3: evilmike_marble_ring, layout_gridville, hell_entry,
          minmay_room_of_horrors, lemuel_doored_altar
Depths:4: lemuel_castle_with_subvaults [lemuel_castle_interior_carwin_2],
          layout_cross, enter_ziggurat_b, rand_demon_pan_entry_7, hell_entry,
          nrook_mini_vaults
Zot:1:    layout_cathedral_of_symmetry, lemuel_flame_loot_1, uniq_josephina
Zot:2:    layout_concentric_octagons, nicolae_diode_stairs, lemuel_elevator
Zot:3:    layout_gridlike
Zot:4:    layout_misc_corridors, grunt_megastairs_1
Zot:5:    layout_basic

Skill      XL: |  1  2  3  4  5  6  7  8  9 10 11 12 13 14 15 16 17 18 19 20 21 22 23 24 25 |
---------------+----------------------------------------------------------------------------+-----
Stealth        | 1 2 4 |  4.0
Ranged Weapons | 4 5 6 8 9 10 12 13 15 16 18 21 23 | 23.2
Fighting       | 3 5 6 8 10 11 13 14 16 18 21 22 23 24 25 26 | 26.0
Dodging        | 3 5 6 8 10 11 13 14 16 17 19 20 21 22 24 | 24.8
Translocations | 3 5 6 12 15 16 17 | 17.0
Armour         | 7 8 11 | 11.0
Spellcasting   | 2 3 |  3.0
Hexes          | 6 |  6.0
Evocations     | 3 |  3.0

Action                     |  1- 3 |  4- 6 |  7- 9 | 10-12 | 13-15 | 16-18 | 19-21 | 22-24 | 25-27 || total
---------------------------+-------+-------+-------+-------+-------+-------+-------+-------+-------++-------
   Fire: Shortbow          |   124 |   212 |   501 |   104 |       |       |       |       |       ||   941
         Longbow           |       |       |       |   656 |  1512 |  1732 |  1848 |  2362 |   348 ||  8458
   Cast: Blink             |       |       |       |       |     3 |     6 |    17 |     7 |       ||    33
         Portal Projectile |       |       |       |       |       |     8 |     2 |    17 |       ||    27
         Dispersal         |       |       |       |       |       |       |     4 |    23 |     1 ||    28
  Evoke: Wand              |       |       |       |     1 |       |     1 |       |       |       ||     2
         Box of beasts     |       |       |       |       |       |     1 |       |       |       ||     1
    Use: Scroll            |     1 |     4 |     6 |    10 |    13 |     4 |     9 |    14 |       ||    61
         Potion            |       |     1 |     1 |     1 |     3 |     1 |     1 |     7 |     4 ||    19
 Armour: Leather armour    |    19 |    16 |    39 |    67 |     7 |       |       |       |       ||   148
         Robe              |       |       |       |    13 |    19 |       |       |       |       ||    32
         Swamp dragon scal |       |       |       |       |    46 |   104 |    87 |   109 |    12 ||   358
         Quicksilver drago |       |       |       |       |       |       |       |    53 |       ||    53
  Dodge: Dodged            |    38 |    47 |   143 |   227 |   390 |   718 |   882 |  1729 |   133 ||  4307
  Block: Other             |       |     9 |    67 |    62 |    88 |   141 |   133 |   229 |    10 ||   739
         Reflection        |       |       |     5 |     3 |     5 |    30 |    10 |     1 |       ||    54

Table legend: (Time is in decaauts)
 A = Elapsed time spent in this place.
 B = Non-inter-level travel time spent in this place.
 C = Inter-level travel time spent in this place.
 D = Time resting spent in this place.
 E = Time spent auto-exploring this place.
 F = Levels seen in this place.
 G = Mean time per level.
                   A        B        C        D        E       F      G
               +--------+--------+--------+--------+--------+-----+--------+
         Total | 107107 |  97981 |   9126 |  44930 |  35968 |  55 | 1947.4 |
       Dungeon |  29994 |  25493 |   4501 |  10562 |  10292 |  15 | 1999.6 |
          Lair |  14904 |  13702 |   1202 |   7037 |   4691 |   5 | 2980.8 |
        Shoals |   8481 |   8088 |    393 |   4604 |   1857 |   4 | 2120.2 |
     Snake Pit |   7733 |   6961 |    772 |   3012 |   2871 |   4 | 1933.2 |
    Slime Pits |   6155 |   6071 |     84 |   4544 |    367 |   5 | 1231.0 |
  Orcish Mines |   2348 |   2011 |    337 |    761 |    909 |   2 | 1174.0 |
   Elven Halls |   4707 |   4516 |    191 |   2025 |   1755 |   3 | 1569.0 |
        Vaults |   7822 |   7380 |    442 |   2532 |   3814 |   4 | 1955.5 |
         Crypt |   3838 |   3672 |    166 |   1024 |   1829 |   3 | 1279.3 |
        Depths |   7611 |   7068 |    543 |   2118 |   3580 |   4 | 1902.8 |
           Zot |  10550 |  10060 |    490 |   4532 |   3869 |   5 | 2110.0 |
      Ice Cave |   2958 |   2958 |      0 |   2174 |    132 |   1 | 2958.0 |
               +--------+--------+--------+--------+--------+-----+--------+

Top non-repeatable levels by time:
  Lair:5: 5826 daAuts
Shoals:4: 3391 daAuts
   Zot:1: 3108 daAuts
    D:11: 3052 daAuts
  Lair:4: 3035 daAuts
   IceCv: 2958 daAuts
Shoals:3: 2677 daAuts
     D:8: 2644 daAuts
Depths:4: 2629 daAuts
     D:5: 2616 daAuts
   Zot:5: 2597 daAuts
     D:6: 2463 daAuts
Vaults:1: 2330 daAuts
  Lair:3: 2213 daAuts
  Lair:2: 2211 daAuts
